 Dungeon Crawl Stone Soup version 0.27.1-3-gb3d3a73c9e (webtiles) character file.

Game seed: 1237980742558988941

580 brmiller01 the Skirmisher (level 7, -3/47 HPs)
             Began as a Gargoyle Berserker on Oct 14, 2021.
             Was an Elder of Trog.
             Slain by a wyvern (8 damage)
             ... on level 5 of the Dungeon.
             The game lasted 00:11:45 (5841 turns).

brmiller01 the Skirmisher (Gargoyle Berserker)      Turns: 5841, Time: 00:11:46

Health: -3/47      AC: 11    Str: 23    XL:     7   Next: 36%
Magic:  7/7        EV: 11    Int:  7    God:    Trog [****..]
Gold:   249        SH:  0    Dex:  9    Spells: 6/6 levels left

rFire    . . .     SeeInvis .   p - +0 flail
rCold    . . .     Faith    .   (no shield)
rNeg     + . .     Spirit   .   n - +0 ring mail
rPois    ∞         Reflect  .   r - +0 helmet
rElec    +         Harm     .   (no cloak)
rCorr    .         Rampage  .   (no gloves)
Will     .....                  (no boots)
Stlth    ..........             (no amulet)
HPRegen  0.15/turn              (no ring)
MPRegen  0.10/turn              (no ring)

@: no status effects
A: sickness immunity, AC +4, negative energy resistance 1, electricity
resistance, torment resistance 1, petrification resistance
a: Renounce Religion, Berserk, Trog's Hand, Brothers in Arms


You were on level 5 of the Dungeon.
You worshipped Trog.
Trog was greatly pleased with you.
You visited 1 branch of the dungeon, and saw 5 of its levels.

You collected 249 gold pieces.

Inventory:

Hand Weapons
 a - a +0 mace
 p - a +0 flail (weapon)
Armour
 b - a +0 animal skin
 n - a +0 ring mail (worn)
 r - a +0 helmet (worn)
Scrolls
 e - 4 scrolls of identify {unknown}
 h - 4 scrolls of amnesia {unknown}
 i - a scroll of teleportation {unknown}
 k - a scroll of acquirement {unknown}
 q - 2 scrolls of noise {unknown}
 t - a scroll of fog {unknown}
Potions
 c - 3 potions of haste {unknown}
 d - 2 potions of brilliance {unknown}
 f - 2 potions of attraction {unknown}
 g - 3 potions of curing {unknown}
 j - a potion of mutation {unknown}
 l - 2 potions of heal wounds
 m - a potion of might {unknown}
 o - a potion of lignification {unknown}
 s - a potion of magic {unknown}


   Skills:
 + Level 6.7 Fighting
 + Level 6.2 Maces & Flails
 - Level 2.2 Armour
 - Level 1.5 Dodging


You had 6 spell levels left.
You didn't know any spells.
Your spell library was empty.

Dungeon Overview and Level Annotations

Branches:
Dungeon (5/15)
 Temple: D:4-7

Altars:
Elyvilon
Trog
Uskayaw
Zin


Innate Abilities, Weirdness & Mutations

You are immune to sickness and miasma.
Your stone body is resilient. (AC +4)
You are immune to poison.
You resist negative energy. (rN+)
You are resistant to electric shocks. (rElec)
You are resistant to unholy torment.
You are immune to petrification.


Message History

The wyvern is heavily wounded.
The wyvern bites you.
The wyvern hisses menacingly.
The wyvern closely misses you.
You completely miss the wyvern.
The wyvern is heavily wounded.
The wyvern closely misses you.
You sock the wyvern!
The wyvern is severely wounded.
The wyvern bites you but does no damage.
The wyvern barely misses you.
You hit the wyvern but do no damage.
The wyvern is severely wounded.
The wyvern bites you. x2
You hit the wyvern.
The wyvern is almost dead.
The wyvern bites you but does no damage.
You closely miss the wyvern.
The wyvern is almost dead.
The wyvern hisses menacingly.
The wyvern misses you. The wyvern bites you!
You barely miss the wyvern.
The wyvern is almost dead.
The wyvern bites you!
You are too injured to fight recklessly!
You closely miss the wyvern.
The wyvern is almost dead.
The wyvern bites you but does no damage.
The wyvern closely misses you.
You closely miss the wyvern.
The wyvern is almost dead.
The wyvern bites you. The wyvern bites you!
* * * LOW HITPOINT WARNING * * *
You closely miss the wyvern.
The wyvern is almost dead.
The wyvern closely misses you.
You hit the wyvern.
The wyvern is almost dead.
The wyvern bites you!
You die...

...............####.#.#'#.#######
....................#.#.#.# #
....................#.#.###
....................#.#..
......####..........#.##. .[....#
#..........#..+.. ......#
#.............#.. ......#
#.....#.......#... .......
.....##@........ ######. .....
#l........ ... .... .(.#......
.... ... ....#...... ..... ##.
........... ##### .....#......
......#.. .$. ...........


You could see a wyvern.

Vanquished Creatures
  A scorpion (D:4)
  A water moccasin skeleton (D:4)
  A jelly (D:4)
  A bullfrog skeleton (D:4)
  2 scorpion zombies (D:4)
  Terence (D:2)
  Natasha (thrice) (D:3)
  2 hound zombies (D:4)
  A hound skeleton (D:4)
  Robin (D:2)
  A howler monkey zombie (D:4)
  7 adders
  A shadow imp (D:5)
  2 worms (D:2)
  2 dart slugs
  2 orcs (D:4)
  5 endoplasms
  3 giant cockroaches
  23 goblins
  14 hobgoblins
  10 jackals
  7 kobolds
  6 quokkas
  11 ball pythons
  3 bats
  6 frilled lizards
  6 rats
123 creatures vanquished.

Notes
Turn   | Place    | Note
-------+----------+-------------------------------------------
     0 | D:1      | brmiller01 the Gargoyle Berserker began the quest for the
                  | Orb.
     0 | D:1      | Reached XP level 1. HP: 14/14 MP: 1/1
   328 | D:1      | Reached XP level 2. HP: 19/19 MP: 2/2
  1220 | D:1      | Reached XP level 3. HP: 24/24 MP: 3/3
  1368 | D:1      | Found a faded altar of an unknown god.
  1599 | D:2      | Noticed Robin
  1619 | D:2      | Reached ** piety under Trog
  1622 | D:2      | Killed Robin
  1669 | D:2      | Reached XP level 4. HP: 11/29 MP: 4/4
  2268 | D:2      | Found a white marble altar of Elyvilon.
  2732 | D:2      | Noticed Terence
  2743 | D:2      | Killed Terence
  2744 | D:2      | Reached XP level 5. HP: 34/34 MP: 5/5
  3125 | D:3      | Reached skill level 5 in Fighting
  3191 | D:3      | Reached *** piety under Trog
  3287 | D:3      | Noticed Natasha
  3299 | D:3      | Killed Natasha
  3437 | D:3      | Noticed Natasha
  3446 | D:3      | Killed Natasha
  3447 | D:3      | Reached skill level 5 in Maces & Flails
  3481 | D:3      | Noticed Natasha
  3493 | D:3      | Killed Natasha
  3494 | D:3      | Reached XP level 6. HP: 30/40 MP: 6/6
  3680 | D:3      | Found a hide-covered altar of Uskayaw.
  3900 | D:3      | Found a bloodstained altar of Trog.
  4587 | D:4      | Found a glowing silver altar of Zin.
  4587 | D:4      | Noticed an angel
  4798 | D:4      | Reached XP level 7. HP: 47/47 MP: 7/7
  5519 | D:5      | Entered Level 5 of the Dungeon
  5759 | D:5      | Reached **** piety under Trog
  5827 | D:5      | Noticed a wyvern
  5841 | D:5      | Slain by a wyvern

Illustrated notes

Levels and vault maps discovered:
D:1:      lightli_arrival_quake, layout_loops_cross,
          hellmonk_ecumenical_altar_blasted
D:2:      minmay_razor_zed, layout_rooms, basic_altar, uniq_terence, uniq_robin
D:3:      layout_basic, lemuel_round_altar, mainiacjoe_overflow_24_doors,
          minmay_goblin_outpost, uniq_natasha
D:4:      layout_basic, zin_angel, serial_undead, serial_undead_a,
          serial_undead_b, serial_undead_e, serial_undead_e, feat_on_display
D:5:      layout_basic, nicolae_ru_the_path_less_chosen, gup_sewer_entry_spiral

Skill      XL: |  1  2  3  4  5  6  7 |
---------------+----------------------+-----
Fighting       | 4 5 6 |  6.7
Maces & Flails | 4 5 6 |  6.2
Armour         | |  2.2
Dodging        | |  1.5

Action                   |  1- 3 |  4- 6 |  7- 9 || total
-------------------------+-------+-------+-------++-------
Melee: Mace              |    96 |   342 |       ||   438
       Flail             |       |       |    97 ||    97
Invok: Berserk           |     2 |     1 |       ||     3
       Trog's Hand       |       |     2 |       ||     2
 Stab: Sleeping          |       |     1 |       ||     1
Armor: Animal skin       |    41 |    72 |       ||   113
       Ring mail         |       |   123 |    49 ||   172
       Skin              |       |     2 |       ||     2
Dodge: Dodged            |    63 |   241 |    64 ||   368
